Kings vs Golden Seals

Created - 9 février 2018 at 20:20

Goals
1 2 3 OT1 T
Kings 0 0 1 1 2
Golden Seals 0 1 0 0 1
Shots
1 2 3 OT1 T
Kings 7 11 7 1 26
Golden Seals 12 15 6 0 33

1st period

No Goal

Penalties :
No Penalty

2nd period

1. Golden Seals , Ondrej Kase 3 (Miles Wood 6, Barclay Goodrow 7) at 11:11

Penalties :
No Penalty

3rd period

2. Kings , William Karlsson 7 (Justin Schultz 18) at 2:14

Penalties :
No Penalty

Overtime #1

3. Kings , Anze Kopitar 19 (Artem Anisimov 23) at 0:40

Penalties :
No Penalty

Goalie Stats

Alex Stalock (LAK), 32 saves from 33 shots - (0,970), W, 5-3-2, 60:40 minutes
Sergei Bobrovsky (CLF), 24 saves from 26 shots - (0,923), OTL, 25-10-6, 60:40 minutes

Players Stats for Kings

Player Name              G  A  P  +/- PIM S  H  SB GA TA FO     MP     PP MP  PK MP  
------------------------------------------------------------------------------------
Alex Ovechkin            0  0  0   0  0   3  2  0  0  0  0/2    18:47   0:00   0:00 
Anze Kopitar             1  0  1   1  0   3  1  3  1  0  13/25  17:38   0:00   0:00 
Artem Anisimov           0  1  1   0  0   1  3  1  2  1  0/1    21:10   0:00   0:00 
Brian Dumoulin           0  0  0   1  0   3  2  0  0  1  0/0    23:42   0:00   0:00 
Cam Fowler               0  0  0   0  0   0  0  1  0  0  0/0     2:31   0:00   0:00 
Danny DeKeyser           0  0  0   0  0   0  1  4  0  0  0/0    22:52   0:00   0:00 
Jason Zucker             0  0  0   0  0   0  0  1  1  0  0/0    12:55   0:00   0:00 
Jon Merrill              0  0  0   1  0   0  0  1  0  0  0/0    11:41   0:00   0:00 
Justin Schultz           0  1  1   0  0   3  1  2  1  1  0/0    26:12   0:00   0:00 
Luke Schenn              0  0  0   0  0   1  1  0  0  2  0/0    21:05   0:00   0:00 
Magnus Paajarvi          0  0  0   1  0   2  0  0  0  0  0/0     8:30   0:00   0:00 
Mathieu Perreault        0  0  0  -1  0   1  3  0  1  0  0/2    21:15   0:00   0:00 
Michael Del Zotto        0  0  0   0  0   0  1  0  0  1  0/0    19:46   0:00   0:00 
Oliver Bjorkstrand       0  0  0   0  0   2  0  0  0  0  0/0    12:50   0:00   0:00 
Ryan Kesler              0  0  0  -1  0   5  6  1  1  0  8/15   21:16   0:00   0:00 
Thomas Vanek             0  0  0   0  0   0  2  0  0  0  0/2    17:39   0:00   0:00 
Tomas Hertl              0  0  0   0  0   1  0  1  0  0  3/7    13:15   0:00   0:00 
William Karlsson         1  0  1   1  0   1  1  2  0  0  0/1     8:56   0:00   0:00 

Players Stats for Golden Seals

Player Name              G  A  P  +/- PIM S  H  SB GA TA FO     MP     PP MP  PK MP  
------------------------------------------------------------------------------------
Barclay Goodrow          0  1  1   0  0   2  1  0  0  1  1/1     9:20   0:00   0:00 
Cody Ceci                0  0  0  -1  0   1  1  2  0  0  0/0    23:57   0:00   0:00 
Cody Franson             0  0  0   0  0   0  1  0  0  1  0/0    15:49   0:00   0:00 
Colin Wilson             0  0  0   0  0   4  2  0  2  0  0/0    17:40   0:00   0:00 
Colton Parayko           0  0  0  -1  0   1  2  0  0  0  0/0    24:28   0:00   0:00 
Jaden Schwartz           0  0  0   0  0   2  1  0  0  0  1/2    19:22   0:00   0:00 
Joe Pavelski             0  0  0  -1  0   6  1  1  1  0  0/2    19:26   0:00   0:00 
Jonathan Toews           0  0  0  -1  0   4  0  2  1  0  17/33  19:26   0:00   0:00 
Keith Yandle             0  0  0   0  0   0  0  1  0  1  0/0    20:27   0:00   0:00 
Mark Letestu             0  0  0   0  0   0  3  0  0  0  2/2    17:40   0:00   0:00 
Max Domi                 0  0  0   0  0   2  2  0  1  0  1/2    14:44   0:00   0:00 
Mike Fisher              0  0  0   0  0   0  2  0  1  1  9/13   14:28   0:00   0:00 
Miles Wood               0  1  1   0  0   1  1  0  0  1  0/0     9:06   0:00   0:00 
Nate Schmidt             0  0  0   0  0   1  0  0  0  0  0/0    15:04   0:00   0:00 
Olli Maatta              0  0  0   1  0   2  3  0  0  2  0/0    20:27   0:00   0:00 
Ondrej Kase              1  0  1   0  0   3  1  0  0  0  0/0     8:46   0:00   0:00 
Robby Fabbri             0  0  0   0  0   0  5  1  0  0  0/0    17:40   0:00   0:00 
Tyler Toffoli            0  0  0   0  0   4  0  0  0  0  0/0    14:10   0:00   0:00 

3 Stars

1 - Alex Stalock (LAK)
2 - Anze Kopitar (LAK)
3 - William Karlsson (LAK)

Power Play

Kings - 0 on 0 Attempt(s) - 0,00%
Golden Seals - 0 on 0 Attempt(s) - 0,00%

Penalty Kill

Kings - 0 on 0 Attempt(s) - 0,00% - Score 0 goal in Penalty Kill
Golden Seals - 0 on 0 Attempt(s) - 0,00% - Score 0 goal in Penalty Kill

Team Stat

Kings - Hits : 24 - Faceoff Wins : 24 - Blocked Shots : 17 - Penalty Minutes : 0
Golden Seals - Hits : 26 - Faceoff Wins : 31 - Blocked Shots : 7 - Penalty Minutes : 0

Official

Referees : Trevor Hanson and Garrett Rank
Linesman : Don Henderson and Scott Cherrey

Game Notes

Cam Fowler is injured at 6:35 of 1st period (Torn Left ACL)

Finance

Level 1 -- Attendance: 6000 (100,00%) -- Ticket Income 360 000 $
Level 2 -- Attendance: 5000 (100,00%) -- Ticket Income 175 000 $
Level 3 -- Attendance: 2000 (100,00%) -- Ticket Income 32 000 $
Level 4 -- Attendance: 4000 (100,00%) -- Ticket Income 40 000 $
Luxury Box -- Attendance: 1000 (100,00%) -- Ticket Income 100 000 $
Game was played at the Sideburns Coliseum.
Total Attendance: 18000 (100,00%)
Total Ticket Income: 707 000 $
Other Income: 346 430 $
Total Income: 1 053 430 $

Kings

5 vs 5 Forward 
   Center                   Left Wing                Right Wing               Time % Phy DF OF 
 1 Anze Kopitar             Alex Ovechkin            Thomas Vanek             36     0   2  3  
 2 Ryan Kesler              Artem Anisimov           Mathieu Perreault        33     0   2  3  
 3 Tomas Hertl              Jason Zucker             Oliver Bjorkstrand       23     0   2  3  
 4 William Karlsson         Magnus Paajarvi          Jon Merrill              8      1   2  2  

5 vs 5 Defense 
   Defense                  Defense                                           Time % Phy DF OF 
 1 Cam Fowler               Danny DeKeyser                                    38     1   3  1  
 2 Justin Schultz           Luke Schenn                                       33     1   3  1  
 3 Michael Del Zotto        Brian Dumoulin                                    29     1   3  1  
 4 Cam Fowler               Danny DeKeyser                                    0      1   3  1  

PowerPlay Forward 
   Center                   Left Wing                Right Wing               Time % Phy DF OF 
 1 Anze Kopitar             Alex Ovechkin            Thomas Vanek             55     0   1  4  
 2 Ryan Kesler              Artem Anisimov           Mathieu Perreault        45     0   1  4  

PowerPlay Defense
   Defense                  Defense                                           Time % Phy DF OF 
 1 Cam Fowler               Justin Schultz                                    55     1   1  3  
 2 Michael Del Zotto        Tomas Hertl                                       45     1   1  3  

Penalty Kill 4 Players Forward 
   Center                   Wing                     Time % Phy DF OF 
 1 Tomas Hertl              Jason Zucker             60     1   4  0  
 2 William Karlsson         Magnus Paajarvi          40     1   4  0  

Penalty Kill 4 Players Defense
   Defense                  Defense                  Time % Phy DF OF 
 1 Luke Schenn              Danny DeKeyser           60     1   4  0  
 2 Michael Del Zotto        Brian Dumoulin           40     1   4  0  

Penalty Kill - 3 Players Forward 
   Forward                                           Time % Phy DF OF 
 1 Ryan Kesler                                       60     1   4  0  
 2 Tomas Hertl                                       40     1   4  0  

Penalty Kill - 3 Players Defense
   Defense                  Defense                  Time % Phy DF OF 
 1 Cam Fowler               Danny DeKeyser           60     1   4  0  
 2 Luke Schenn              Michael Del Zotto        40     1   4  0  

4 vs 4 Forward 
   Center                   Wing                     Time % Phy DF OF 
 1 Anze Kopitar             Alex Ovechkin            55     0   2  3  
 2 Ryan Kesler              Artem Anisimov           45     1   2  2  

4 vs 4 Defense
   Defense                  Defense                  Time % Phy DF OF 
 1 Cam Fowler               Danny DeKeyser           55     1   2  2  
 2 Justin Schultz           Luke Schenn              45     1   2  2  

Last Minutes Offensive
   Center                   Left Wing                Right Wing               Defense                  Defense                  
   Anze Kopitar             Alex Ovechkin            Thomas Vanek             Cam Fowler               Justin Schultz           

Last Minutes Defensive
   Center                   Left Wing                Right Wing               Defense                  Defense                  
   Ryan Kesler              Anze Kopitar             William Karlsson         Cam Fowler               Danny DeKeyser           

Goaltenders
Starting : Alex Stalock             
Backup : Ryan Miller              

Extra Forwards
Normal : Tomas Hertl, Mathieu Perreault, William Karlsson - PP : Tomas Hertl, William Karlsson - PK : Tomas Hertl
Extra Defensemen
Normal : Justin Schultz, Brian Dumoulin, Cam Fowler - PP : Danny DeKeyser - PK : Justin Schultz, Michael Del Zotto
Penalty Shots
Thomas Vanek, William Karlsson, Anze Kopitar, Alex Ovechkin, Artem Anisimov
Custom OT Lines Forwards
Alex Ovechkin, Ryan Kesler, Artem Anisimov, Anze Kopitar, Thomas Vanek, Jason Zucker, Mathieu Perreault, Tomas Hertl, Magnus Paajarvi, William Karlsson
Custom OT Lines Defensemen
Justin Schultz, Cam Fowler, Brian Dumoulin, Michael Del Zotto, Danny DeKeyser

Scratches
Semyon Varlamov (Healthy)

Golden Seals

5 vs 5 Forward 
   Center                   Left Wing                Right Wing               Time % Phy DF OF 
 1 Jonathan Toews           Joe Pavelski             Jaden Schwartz           38     0   1  4  
 2 Mike Fisher              Max Domi                 Tyler Toffoli            30     0   2  3  
 3 Mark Letestu             Colin Wilson             Robby Fabbri             22     0   2  3  
 4 Barclay Goodrow          Miles Wood               Ondrej Kase              10     1   2  2  

5 vs 5 Defense 
   Defense                  Defense                                           Time % Phy DF OF 
 1 Colton Parayko           Cody Ceci                                         40     0   3  2  
 2 Keith Yandle             Olli Maatta                                       34     0   3  2  
 3 Cody Franson             Nate Schmidt                                      26     0   4  1  
 4 Cody Ceci                Keith Yandle                                      0      1   2  2  

PowerPlay Forward 
   Center                   Left Wing                Right Wing               Time % Phy DF OF 
 1 Jonathan Toews           Joe Pavelski             Jaden Schwartz           60     0   0  5  
 2 Mike Fisher              Robby Fabbri             Tyler Toffoli            40     0   0  5  

PowerPlay Defense
   Defense                  Defense                                           Time % Phy DF OF 
 1 Mark Letestu             Keith Yandle                                      75     0   1  4  
 2 Cody Franson             Olli Maatta                                       25     0   1  4  

Penalty Kill 4 Players Forward 
   Center                   Wing                     Time % Phy DF OF 
 1 Mark Letestu             Colin Wilson             60     1   4  0  
 2 Mike Fisher              Miles Wood               40     1   4  0  

Penalty Kill 4 Players Defense
   Defense                  Defense                  Time % Phy DF OF 
 1 Colton Parayko           Cody Ceci                60     1   4  0  
 2 Keith Yandle             Olli Maatta              40     1   4  0  

Penalty Kill - 3 Players Forward 
   Forward                                           Time % Phy DF OF 
 1 Joe Pavelski                                      60     1   4  0  
 2 Jonathan Toews                                    40     1   4  0  

Penalty Kill - 3 Players Defense
   Defense                  Defense                  Time % Phy DF OF 
 1 Colton Parayko           Cody Ceci                60     0   5  0  
 2 Keith Yandle             Olli Maatta              40     0   5  0  

4 vs 4 Forward 
   Center                   Wing                     Time % Phy DF OF 
 1 Joe Pavelski             Jonathan Toews           60     0   2  3  
 2 Mike Fisher              Jaden Schwartz           40     0   2  3  

4 vs 4 Defense
   Defense                  Defense                  Time % Phy DF OF 
 1 Colton Parayko           Cody Ceci                60     0   3  2  
 2 Keith Yandle             Olli Maatta              40     0   3  2  

Last Minutes Offensive
   Center                   Left Wing                Right Wing               Defense                  Defense                  
   Jonathan Toews           Joe Pavelski             Jaden Schwartz           Colton Parayko           Keith Yandle             

Last Minutes Defensive
   Center                   Left Wing                Right Wing               Defense                  Defense                  
   Mike Fisher              Jaden Schwartz           Mark Letestu             Cody Ceci                Colton Parayko           

Goaltenders
Starting : Sergei Bobrovsky         
Backup : Andrei Vasilevskiy       

Extra Forwards
Normal : Robby Fabbri, Colin Wilson, Max Domi - PP : Max Domi, Colin Wilson - PK : Max Domi
Extra Defensemen
Normal : Cody Franson, Olli Maatta, Cody Ceci - PP : Cody Ceci - PK : Olli Maatta, Cody Ceci
Penalty Shots
Joe Pavelski, Jonathan Toews, Mike Fisher, Jaden Schwartz, Mark Letestu
Custom OT Lines Forwards
Joe Pavelski, Jonathan Toews, Mike Fisher, Jaden Schwartz, Mark Letestu, Tyler Toffoli, Colin Wilson, Max Domi, Robby Fabbri, Miles Wood
Custom OT Lines Defensemen
Colton Parayko, Keith Yandle, Cody Ceci, Olli Maatta, Cody Franson

Scratches
Robert Hagg (Right Ankle Injury)

% Time on Ice - Kings

Lines # - Real PCT - Wanted PCT - Time Play
Normal Forward
1 - 29% - 36% - 17:21
2 - 36% - 33% - 21:37
3 - 21% - 23% - 12:32
4 - 14% - 8% - 8:30
Normal Defense
1 - 41% - 38% - 24:38
2 - 32% - 33% - 18:57
3 - 25% - 29% - 14:57
4 - 2% - 0% - 1:28
PP Forward
1 - 0% - 55%
2 - 0% - 45%
PP Defense
1 - 0% - 55%
2 - 0% - 45%
PK Forward
1 - 0% - 60%
2 - 0% - 40%
PK Defense
1 - 0% - 60%
2 - 0% - 40%
PK3 Forward
1 - 0% - 60%
2 - 0% - 40%
PK3 Defense
1 - 0% - 60%
2 - 0% - 40%
44 Forward
1 - 0% - 55%
2 - 0% - 45%
44 Defense
1 - 0% - 55%
2 - 0% - 45%
Last Minute Offensive  - 0:00
Last Minute Defensive  - 0:00
Total
Forward - 60:00
Defense - 60:00

% Time on Ice - Golden Seals

Lines # - Real PCT - Wanted PCT - Time Play
Normal Forward
1 - 32% - 38% - 19:24
2 - 24% - 30% - 14:10
3 - 29% - 22% - 17:40
4 - 15% - 10% - 8:46
Normal Defense
1 - 39% - 40% - 23:09
2 - 37% - 34% - 22:07
3 - 24% - 26% - 14:31
4 - 0% - 0% - 0:13
PP Forward
1 - 0% - 60%
2 - 0% - 40%
PP Defense
1 - 0% - 75%
2 - 0% - 25%
PK Forward
1 - 0% - 60%
2 - 0% - 40%
PK Defense
1 - 0% - 60%
2 - 0% - 40%
PK3 Forward
1 - 0% - 60%
2 - 0% - 40%
PK3 Defense
1 - 0% - 60%
2 - 0% - 40%
44 Forward
1 - 0% - 60%
2 - 0% - 40%
44 Defense
1 - 0% - 60%
2 - 0% - 40%
Last Minute Offensive  - 0:00
Last Minute Defensive  - 0:00
Total
Forward - 60:00
Defense - 60:00

Play by Play

1st period


0:01 of 1st period - Anze Kopitar wins face-off versus Jonathan Toews in neutral zone.
0:26 of 1st period - Cody Ceci is hit by Ryan Kesler.
0:27 of 1st period - Icing by Cody Ceci.
0:28 of 1st period - Mike Fisher wins face-off versus Ryan Kesler in Golden Seals zone.
0:33 of 1st period - Wrist shot by Mathieu Perreault.
0:33 of 1st period - Shot Misses the Net.
1:45 of 1st period - Wrist shot by Alex Ovechkin.
1:45 of 1st period - Stopped by Sergei Bobrovsky without a rebound.
1:46 of 1st period - Mike Fisher wins face-off versus Artem Anisimov in Golden Seals zone.
1:53 of 1st period - Snap shot by Max Domi.
1:53 of 1st period - Shot Misses the Net.
2:55 of 1st period - Luke Schenn is hit by Miles Wood and loses puck.
3:41 of 1st period - Snap shot by Colin Wilson.
3:41 of 1st period - Stopped by Alex Stalock without a rebound.
3:42 of 1st period - Mark Letestu wins face-off versus Alex Ovechkin in Kings zone.
3:45 of 1st period - Wrist shot by Robby Fabbri.
3:45 of 1st period - Deflect By Colin Wilson.
3:45 of 1st period - Shot Misses the Net.
3:45 of 1st period - Puck is out of play.
3:46 of 1st period - Jaden Schwartz wins face-off versus Anze Kopitar in Kings zone.
4:01 of 1st period - Snap shot by Joe Pavelski.
4:01 of 1st period - Stopped by Alex Stalock without a rebound.
4:02 of 1st period - Tomas Hertl wins face-off versus Mike Fisher in Kings zone.
4:27 of 1st period - Olli Maatta is hit by Ryan Kesler and loses puck.
4:32 of 1st period - Snap shot by Ryan Kesler.
4:32 of 1st period - Stopped by Sergei Bobrovsky without a rebound.
4:33 of 1st period - Anze Kopitar wins face-off versus Jonathan Toews in Golden Seals zone.
4:46 of 1st period - Wrist shot by Alex Ovechkin.
4:46 of 1st period - Stopped by Sergei Bobrovsky with a rebound.
6:02 of 1st period - Snap shot by Magnus Paajarvi.
6:02 of 1st period - Stopped by Sergei Bobrovsky without a rebound.
6:03 of 1st period - Anze Kopitar wins face-off versus Joe Pavelski in Golden Seals zone.
6:10 of 1st period - Snap shot by Alex Ovechkin.
6:10 of 1st period - Shot Misses the Net.
6:35 of 1st period - Snap shot by Mark Letestu.
6:35 of 1st period - Shot Blocked by Cam Fowler.
6:35 of 1st period - Cam Fowler from Kings is injured at 6:35 of 1st period (Torn Left ACL).
6:36 of 1st period - Jonathan Toews wins face-off versus Anze Kopitar in Kings zone.
6:41 of 1st period - Snap shot by Jonathan Toews.
6:41 of 1st period - Stopped by Alex Stalock with a rebound.
6:43 of 1st period - Backhand shot by Cody Ceci.
6:43 of 1st period - Shot Misses the Net.
6:45 of 1st period - Slapshot by Jonathan Toews.
6:45 of 1st period - Stopped by Alex Stalock without a rebound.
6:46 of 1st period - Jonathan Toews wins face-off versus Anze Kopitar in Kings zone.
6:47 of 1st period - Slapshot by Jaden Schwartz.
6:47 of 1st period - Shot Blocked by Justin Schultz.
7:01 of 1st period - Snap shot by Jonathan Toews.
7:01 of 1st period - Shot Blocked by Anze Kopitar.
7:03 of 1st period - Wrist shot by Colton Parayko.
7:03 of 1st period - Stopped by Alex Stalock without a rebound.
7:04 of 1st period - Max Domi wins face-off versus Ryan Kesler in Kings zone.
7:55 of 1st period - Wrist shot by Jaden Schwartz.
7:55 of 1st period - Shot Misses the Net.
8:13 of 1st period - Jon Merrill is hit by Barclay Goodrow and loses puck.
9:23 of 1st period - Slapshot by Jaden Schwartz.
9:23 of 1st period - Stopped by Alex Stalock with a rebound.
10:03 of 1st period - Ryan Kesler is hit by Max Domi and loses puck.
10:20 of 1st period - Tomas Hertl is hit by Robby Fabbri.
10:28 of 1st period - Colin Wilson is hit by Luke Schenn and loses puck.
10:38 of 1st period - Off-side.
10:39 of 1st period - Anze Kopitar wins face-off versus Jonathan Toews in neutral zone.
10:42 of 1st period - Joe Pavelski is hit by Thomas Vanek and loses puck.
11:02 of 1st period - Icing by Jon Merrill.
11:03 of 1st period - Mike Fisher wins face-off versus Ryan Kesler in Kings zone.
11:18 of 1st period - Mike Fisher is hit by Mathieu Perreault.
11:30 of 1st period - Anze Kopitar is hit by Jaden Schwartz and loses puck.
11:55 of 1st period - Snap shot by Colin Wilson.
11:55 of 1st period - Shot Misses the Net.
12:21 of 1st period - Ondrej Kase is hit by Ryan Kesler and loses puck.
12:34 of 1st period - Wrist shot by Jaden Schwartz.
12:34 of 1st period - Shot Misses the Net.
12:42 of 1st period - Snap shot by Jonathan Toews.
12:42 of 1st period - Shot Misses the Net.
13:48 of 1st period - Wrist shot by Miles Wood.
13:48 of 1st period - Stopped by Alex Stalock with a rebound.
14:13 of 1st period - Off-side.
14:14 of 1st period - Ryan Kesler wins face-off versus Mike Fisher in neutral zone.
15:07 of 1st period - Snap shot by Ondrej Kase.
15:07 of 1st period - Shot Blocked by Tomas Hertl.
15:09 of 1st period - Wrist shot by Ondrej Kase.
15:09 of 1st period - Deflect By Jason Zucker.
15:09 of 1st period - Stopped by Alex Stalock with a rebound.
15:29 of 1st period - Wrist shot by Ryan Kesler.
15:29 of 1st period - Shot Misses the Net.
15:31 of 1st period - Snap shot by Michael Del Zotto.
15:31 of 1st period - Shot Misses the Net.
15:48 of 1st period - Icing by Luke Schenn.
15:49 of 1st period - Jonathan Toews wins face-off versus William Karlsson in Kings zone.
17:26 of 1st period - Backhand shot by Anze Kopitar.
17:26 of 1st period - Stopped by Sergei Bobrovsky with a rebound.
17:28 of 1st period - Snap shot by Alex Ovechkin.
17:28 of 1st period - Deflect By Anze Kopitar.
17:28 of 1st period - Stopped by Sergei Bobrovsky without a rebound.
17:29 of 1st period - Mike Fisher wins face-off versus Ryan Kesler in Golden Seals zone.
17:35 of 1st period - Backhand shot by Ryan Kesler.
17:35 of 1st period - Stopped by Sergei Bobrovsky without a rebound.
17:36 of 1st period - Mike Fisher wins face-off versus Ryan Kesler in Golden Seals zone.
19:07 of 1st period - Snap shot by Tyler Toffoli.
19:07 of 1st period - Deflect By Ryan Kesler.
19:07 of 1st period - Stopped by Alex Stalock with a rebound.
19:09 of 1st period - Snap shot by Max Domi.
19:09 of 1st period - Stopped by Alex Stalock without a rebound.
19:10 of 1st period - Jonathan Toews wins face-off versus Anze Kopitar in Kings zone.
19:11 of 1st period - Slapshot by Jaden Schwartz.
19:11 of 1st period - Stopped by Alex Stalock without a rebound.
19:12 of 1st period - Jonathan Toews wins face-off versus Anze Kopitar in Kings zone.
19:17 of 1st period - Snap shot by Jaden Schwartz.
19:17 of 1st period - Shot Blocked by Anze Kopitar.
19:21 of 1st period - Wrist shot by Jonathan Toews.
19:21 of 1st period - Shot Misses the Net.
19:23 of 1st period - Snap shot by Jaden Schwartz.
19:23 of 1st period - Shot Misses the Net.
19:25 of 1st period - Backhand shot by Keith Yandle.
19:25 of 1st period - Deflect By Jaden Schwartz.
19:25 of 1st period - Shot Blocked by Justin Schultz.
19:25 of 1st period - Puck is out of play.
19:26 of 1st period - Ryan Kesler wins face-off versus Jonathan Toews in Kings zone.
19:37 of 1st period - Slapshot by Joe Pavelski.
19:37 of 1st period - Shot Misses the Net.
19:39 of 1st period - Snap shot by Jaden Schwartz.
19:39 of 1st period - Shot Misses the Net.
19:41 of 1st period - Slapshot by Cody Ceci.
19:41 of 1st period - Shot Hit the Post.
19:43 of 1st period - Wrist shot by Jonathan Toews.
19:43 of 1st period - Stopped by Alex Stalock with a rebound.
Goals for this period are 0 for Kings vs 0 for Golden Seals.
Shots for this period are 7 for Kings vs 12 for Golden Seals.

2nd period


0:01 of 2nd period - Jonathan Toews wins face-off versus Thomas Vanek in neutral zone.
1:17 of 2nd period - Jon Merrill is hit by Ondrej Kase and loses puck.
1:36 of 2nd period - Snap shot by Jonathan Toews.
1:36 of 2nd period - Deflect By Joe Pavelski.
1:36 of 2nd period - Shot Blocked by Danny DeKeyser.
1:36 of 2nd period - Puck is out of play.
1:37 of 2nd period - Anze Kopitar wins face-off versus Jonathan Toews in Kings zone.
1:42 of 2nd period - Wrist shot by Joe Pavelski.
1:42 of 2nd period - Shot Misses the Net.
1:44 of 2nd period - Slapshot by Cody Ceci.
1:44 of 2nd period - Shot Misses the Net.
1:46 of 2nd period - Snap shot by Joe Pavelski.
1:46 of 2nd period - Stopped by Alex Stalock with a rebound.
1:48 of 2nd period - Snap shot by Colton Parayko.
1:48 of 2nd period - Shot Misses the Net.
1:50 of 2nd period - Slapshot by Colton Parayko.
1:50 of 2nd period - Deflect By Jaden Schwartz.
1:50 of 2nd period - Shot Blocked by Danny DeKeyser.
1:50 of 2nd period - Puck is out of play.
1:51 of 2nd period - Mike Fisher wins face-off versus Mathieu Perreault in Kings zone.
2:02 of 2nd period - Slapshot by Mathieu Perreault.
2:02 of 2nd period - Shot Misses the Net.
2:18 of 2nd period - Brian Dumoulin is hit by Joe Pavelski and loses puck.
2:47 of 2nd period - Slapshot by Colin Wilson.
2:47 of 2nd period - Stopped by Alex Stalock with a rebound.
3:31 of 2nd period - Icing by Olli Maatta.
3:32 of 2nd period - Anze Kopitar wins face-off versus Mike Fisher in Golden Seals zone.
3:39 of 2nd period - Wrist shot by Alex Ovechkin.
3:39 of 2nd period - Stopped by Sergei Bobrovsky without a rebound.
3:40 of 2nd period - Jonathan Toews wins face-off versus Anze Kopitar in Golden Seals zone.
4:27 of 2nd period - Artem Anisimov is hit by Max Domi and loses puck.
4:32 of 2nd period - Snap shot by Tyler Toffoli.
4:32 of 2nd period - Stopped by Alex Stalock without a rebound.
4:33 of 2nd period - Jonathan Toews wins face-off versus Tomas Hertl in Kings zone.
5:04 of 2nd period - Cody Ceci is hit by Alex Ovechkin.
5:20 of 2nd period - Wrist shot by Ryan Kesler.
5:20 of 2nd period - Stopped by Sergei Bobrovsky without a rebound.
5:21 of 2nd period - Barclay Goodrow wins face-off versus Ryan Kesler in Golden Seals zone.
5:28 of 2nd period - Slapshot by Ondrej Kase.
5:28 of 2nd period - Deflect By Barclay Goodrow.
5:28 of 2nd period - Shot Blocked by Artem Anisimov.
5:28 of 2nd period - Puck is out of play.
5:29 of 2nd period - Anze Kopitar wins face-off versus Jonathan Toews in Kings zone.
7:26 of 2nd period - Cody Franson is hit by Mathieu Perreault and loses puck.
7:43 of 2nd period - Slapshot by Robby Fabbri.
7:43 of 2nd period - Shot Blocked by Danny DeKeyser.
7:45 of 2nd period - Slapshot by Olli Maatta.
7:45 of 2nd period - Stopped by Alex Stalock without a rebound.
7:46 of 2nd period - Jonathan Toews wins face-off versus Anze Kopitar in Kings zone.
7:47 of 2nd period - Snap shot by Jaden Schwartz.
7:47 of 2nd period - Shot Blocked by Anze Kopitar.
7:49 of 2nd period - Wrist shot by Joe Pavelski.
7:49 of 2nd period - Stopped by Alex Stalock with a rebound.
7:51 of 2nd period - Wrist shot by Joe Pavelski.
7:51 of 2nd period - Shot Misses the Net.
7:53 of 2nd period - Wrist shot by Joe Pavelski.
7:53 of 2nd period - Stopped by Alex Stalock without a rebound.
7:54 of 2nd period - Anze Kopitar wins face-off versus Jonathan Toews in Kings zone.
8:19 of 2nd period - Wrist shot by Oliver Bjorkstrand.
8:19 of 2nd period - Stopped by Sergei Bobrovsky without a rebound.
8:20 of 2nd period - Tomas Hertl wins face-off versus Mike Fisher in Golden Seals zone.
8:23 of 2nd period - Slapshot by Oliver Bjorkstrand.
8:23 of 2nd period - Shot Misses the Net.
8:29 of 2nd period - Backhand shot by Oliver Bjorkstrand.
8:29 of 2nd period - Stopped by Sergei Bobrovsky with a rebound.
8:31 of 2nd period - Slapshot by Danny DeKeyser.
8:31 of 2nd period - Shot Misses the Net.
8:33 of 2nd period - Slapshot by Brian Dumoulin.
8:33 of 2nd period - Stopped by Sergei Bobrovsky with a rebound.
8:35 of 2nd period - Wrist shot by Brian Dumoulin.
8:35 of 2nd period - Deflect By Tomas Hertl.
8:35 of 2nd period - Shot Misses the Net.
8:35 of 2nd period - Puck is out of play.
8:36 of 2nd period - Ryan Kesler wins face-off versus Jonathan Toews in Golden Seals zone.
8:43 of 2nd period - Backhand shot by Ryan Kesler.
8:43 of 2nd period - Shot Blocked by Cody Ceci.
8:45 of 2nd period - Slapshot by Brian Dumoulin.
8:45 of 2nd period - Shot Blocked by Jonathan Toews.
8:47 of 2nd period - Slapshot by Mathieu Perreault.
8:47 of 2nd period - Shot Misses the Net.
8:49 of 2nd period - Slapshot by Brian Dumoulin.
8:49 of 2nd period - Stopped by Sergei Bobrovsky with a rebound.
9:03 of 2nd period - Colton Parayko is hit by Alex Ovechkin and loses puck.
9:32 of 2nd period - Snap shot by Jason Zucker.
9:32 of 2nd period - Shot Misses the Net.
10:08 of 2nd period - Wrist shot by Ryan Kesler.
10:08 of 2nd period - Stopped by Sergei Bobrovsky with a rebound.
10:10 of 2nd period - Slapshot by Justin Schultz.
10:10 of 2nd period - Deflect By Jaden Schwartz.
10:10 of 2nd period - Stopped by Sergei Bobrovsky without a rebound.
10:11 of 2nd period - Ryan Kesler wins face-off versus Jonathan Toews in Golden Seals zone.
10:38 of 2nd period - Artem Anisimov is hit by Colton Parayko and loses puck.
11:03 of 2nd period - Snap shot by Ondrej Kase.
11:03 of 2nd period - Shot Blocked by Danny DeKeyser.
11:05 of 2nd period - Snap shot by Keith Yandle.
11:05 of 2nd period - Shot Blocked by Ryan Kesler.
11:09 of 2nd period - Backhand shot by Barclay Goodrow.
11:09 of 2nd period - Stopped by Alex Stalock with a rebound.
11:11 of 2nd period - Snap shot by Miles Wood.
11:11 of 2nd period - Deflect By Ondrej Kase.
11:11 of 2nd period - Goal by Ondrej Kase - Kings : 0 - Golden Seals : 1.
11:12 of 2nd period - Anze Kopitar wins face-off versus Jonathan Toews in neutral zone.
12:03 of 2nd period - Snap shot by Colin Wilson.
12:03 of 2nd period - Shot Blocked by William Karlsson.
12:05 of 2nd period - Wrist shot by Colin Wilson.
12:05 of 2nd period - Shot Blocked by Jon Merrill.
12:07 of 2nd period - Wrist shot by Colin Wilson.
12:07 of 2nd period - Shot Blocked by William Karlsson.
12:47 of 2nd period - Snap shot by Artem Anisimov.
12:47 of 2nd period - Stopped by Sergei Bobrovsky without a rebound.
12:48 of 2nd period - Mike Fisher wins face-off versus Tomas Hertl in Golden Seals zone.
12:53 of 2nd period - Snap shot by Max Domi.
12:53 of 2nd period - Stopped by Alex Stalock with a rebound.
15:39 of 2nd period - Miles Wood is hit by Artem Anisimov and loses puck.
16:08 of 2nd period - Anze Kopitar is hit by Mark Letestu and loses puck.
16:19 of 2nd period - Wrist shot by Tyler Toffoli.
16:19 of 2nd period - Shot Misses the Net.
16:21 of 2nd period - Snap shot by Mike Fisher.
16:21 of 2nd period - Shot Blocked by Jason Zucker.
16:23 of 2nd period - Slapshot by Cody Ceci.
16:23 of 2nd period - Stopped by Alex Stalock without a rebound.
16:24 of 2nd period - Jonathan Toews wins face-off versus Mathieu Perreault in Kings zone.
16:35 of 2nd period - Snap shot by Joe Pavelski.
16:35 of 2nd period - Stopped by Alex Stalock without a rebound.
16:36 of 2nd period - Anze Kopitar wins face-off versus Jonathan Toews in Kings zone.
16:47 of 2nd period - Slapshot by Alex Ovechkin.
16:47 of 2nd period - Shot Blocked by Keith Yandle.
17:10 of 2nd period - Slapshot by Ryan Kesler.
17:10 of 2nd period - Shot Misses the Net.
17:52 of 2nd period - Snap shot by Magnus Paajarvi.
17:52 of 2nd period - Stopped by Sergei Bobrovsky without a rebound.
17:53 of 2nd period - Jonathan Toews wins face-off versus Anze Kopitar in Golden Seals zone.
17:53 of 2nd period - Jonathan Toews is hit by Thomas Vanek.
18:07 of 2nd period - Wrist shot by Jonathan Toews.
18:07 of 2nd period - Stopped by Alex Stalock with a rebound.
18:29 of 2nd period - Snap shot by Tyler Toffoli.
18:29 of 2nd period - Stopped by Alex Stalock with a rebound.
18:31 of 2nd period - Slapshot by Olli Maatta.
18:31 of 2nd period - Stopped by Alex Stalock without a rebound.
18:32 of 2nd period - Mark Letestu wins face-off versus Anze Kopitar in Kings zone.
18:45 of 2nd period - Snap shot by Colin Wilson.
18:45 of 2nd period - Stopped by Alex Stalock without a rebound.
18:46 of 2nd period - Ryan Kesler wins face-off versus Joe Pavelski in Kings zone.
18:51 of 2nd period - Wrist shot by Mathieu Perreault.
18:51 of 2nd period - Deflect By Ryan Kesler.
18:51 of 2nd period - Shot Blocked by Cody Ceci.
18:51 of 2nd period - Puck is out of play.
18:52 of 2nd period - Ryan Kesler wins face-off versus Jonathan Toews in Golden Seals zone.
19:01 of 2nd period - Slapshot by Ryan Kesler.
19:01 of 2nd period - Stopped by Sergei Bobrovsky without a rebound.
19:02 of 2nd period - Mike Fisher wins face-off versus Anze Kopitar in Golden Seals zone.
19:27 of 2nd period - Artem Anisimov is hit by Robby Fabbri and loses puck.
19:40 of 2nd period - Colton Parayko is hit by Artem Anisimov and loses puck.
Goals for this period are 0 for Kings vs 1 for Golden Seals.
Shots for this period are 11 for Kings vs 15 for Golden Seals.

3rd period


0:01 of 3rd period - Anze Kopitar wins face-off versus Jonathan Toews in neutral zone.
0:07 of 3rd period - Wrist shot by Anze Kopitar.
0:07 of 3rd period - Shot Misses the Net.
0:25 of 3rd period - Joe Pavelski is hit by Brian Dumoulin and loses puck.
0:30 of 3rd period - Wrist shot by Oliver Bjorkstrand.
0:30 of 3rd period - Deflect By Tomas Hertl.
0:30 of 3rd period - Stopped by Sergei Bobrovsky without a rebound.
0:31 of 3rd period - Mike Fisher wins face-off versus Thomas Vanek in Golden Seals zone.
1:05 of 3rd period - Off-side.
1:06 of 3rd period - Jonathan Toews wins face-off versus Alex Ovechkin in neutral zone.
1:32 of 3rd period - Mathieu Perreault is hit by Mike Fisher and loses puck.
1:41 of 3rd period - Olli Maatta is hit by Ryan Kesler and loses puck.
2:14 of 3rd period - Slapshot by William Karlsson.
2:14 of 3rd period - Goal by William Karlsson - Kings : 1 - Golden Seals : 1.
2:15 of 3rd period - Jonathan Toews wins face-off versus Anze Kopitar in neutral zone.
2:18 of 3rd period - Slapshot by Colton Parayko.
2:18 of 3rd period - Deflect By Joe Pavelski.
2:18 of 3rd period - Shot Misses the Net.
2:18 of 3rd period - Puck is out of play.
2:19 of 3rd period - Jonathan Toews wins face-off versus Anze Kopitar in Kings zone.
2:20 of 3rd period - Snap shot by Joe Pavelski.
2:20 of 3rd period - Stopped by Alex Stalock with a rebound.
3:06 of 3rd period - Snap shot by Oliver Bjorkstrand.
3:06 of 3rd period - Shot Misses the Net.
3:35 of 3rd period - Wrist shot by Ondrej Kase.
3:35 of 3rd period - Stopped by Alex Stalock with a rebound.
4:30 of 3rd period - Jason Zucker is hit by Robby Fabbri and loses puck.
4:51 of 3rd period - Brian Dumoulin is hit by Olli Maatta and loses puck.
5:15 of 3rd period - Off-side.
5:16 of 3rd period - Anze Kopitar wins face-off versus Jonathan Toews in neutral zone.
5:18 of 3rd period - Off-side.
5:19 of 3rd period - Anze Kopitar wins face-off versus Jaden Schwartz in neutral zone.
5:28 of 3rd period - Wrist shot by Joe Pavelski.
5:28 of 3rd period - Shot Misses the Net.
5:30 of 3rd period - Snap shot by Jonathan Toews.
5:30 of 3rd period - Shot Misses the Net.
5:46 of 3rd period - Luke Schenn is hit by Robby Fabbri.
6:05 of 3rd period - Mark Letestu is hit by Anze Kopitar and loses puck.
6:20 of 3rd period - Wrist shot by Robby Fabbri.
6:20 of 3rd period - Shot Misses the Net.
6:22 of 3rd period - Slapshot by Cody Franson.
6:22 of 3rd period - Shot Misses the Net.
6:24 of 3rd period - Wrist shot by Nate Schmidt.
6:24 of 3rd period - Stopped by Alex Stalock with a rebound.
6:51 of 3rd period - Snap shot by Colin Wilson.
6:51 of 3rd period - Stopped by Alex Stalock without a rebound.
6:52 of 3rd period - Ryan Kesler wins face-off versus Max Domi in Kings zone.
7:07 of 3rd period - Colton Parayko is hit by Mathieu Perreault and loses puck.
7:18 of 3rd period - Wrist shot by Tyler Toffoli.
7:18 of 3rd period - Stopped by Alex Stalock with a rebound.
7:49 of 3rd period - Slapshot by Keith Yandle.
7:49 of 3rd period - Deflect By Barclay Goodrow.
7:49 of 3rd period - Stopped by Alex Stalock with a rebound.
8:27 of 3rd period - Cody Franson is hit by Justin Schultz and loses puck.
8:49 of 3rd period - Tyler Toffoli is hit by Ryan Kesler and loses puck.
9:10 of 3rd period - Magnus Paajarvi is hit by Colton Parayko and loses puck.
10:17 of 3rd period - Off-side.
10:18 of 3rd period - Tomas Hertl wins face-off versus Jonathan Toews in neutral zone.
10:21 of 3rd period - Slapshot by Justin Schultz.
10:21 of 3rd period - Stopped by Sergei Bobrovsky without a rebound.
10:22 of 3rd period - Jonathan Toews wins face-off versus Tomas Hertl in Golden Seals zone.
10:49 of 3rd period - Justin Schultz is hit by Mike Fisher and loses puck.
12:00 of 3rd period - Wrist shot by Oliver Bjorkstrand.
12:00 of 3rd period - Shot Blocked by Jonathan Toews.
12:03 of 3rd period - Icing by Jaden Schwartz.
12:04 of 3rd period - Ryan Kesler wins face-off versus Jonathan Toews in Golden Seals zone.
12:05 of 3rd period - Snap shot by Mathieu Perreault.
12:05 of 3rd period - Shot Misses the Net.
12:07 of 3rd period - Slapshot by Michael Del Zotto.
12:07 of 3rd period - Shot Misses the Net.
12:09 of 3rd period - Wrist shot by Mathieu Perreault.
12:09 of 3rd period - Shot Misses the Net.
12:11 of 3rd period - Snap shot by Luke Schenn.
12:11 of 3rd period - Shot Blocked by Joe Pavelski.
12:13 of 3rd period - Snap shot by Mathieu Perreault.
12:13 of 3rd period - Shot Misses the Net.
12:15 of 3rd period - Slapshot by Michael Del Zotto.
12:15 of 3rd period - Shot Misses the Net.
12:17 of 3rd period - Slapshot by Luke Schenn.
12:17 of 3rd period - Deflect By Jaden Schwartz.
12:17 of 3rd period - Stopped by Sergei Bobrovsky with a rebound.
12:31 of 3rd period - Colton Parayko is hit by Danny DeKeyser and loses puck.
14:17 of 3rd period - Artem Anisimov is hit by Cody Franson.
14:38 of 3rd period - Artem Anisimov is hit by Colin Wilson and loses puck.
15:02 of 3rd period - Ryan Kesler is hit by Mark Letestu.
15:06 of 3rd period - Robby Fabbri is hit by Michael Del Zotto and loses puck.
15:28 of 3rd period - Mathieu Perreault is hit by Olli Maatta and loses puck.
16:06 of 3rd period - Ryan Kesler is hit by Cody Ceci and loses puck.
16:36 of 3rd period - Mathieu Perreault is hit by Colin Wilson and loses puck.
16:51 of 3rd period - Jon Merrill is hit by Olli Maatta and loses puck.
17:28 of 3rd period - Danny DeKeyser is hit by Mark Letestu.
17:37 of 3rd period - Justin Schultz is hit by Robby Fabbri and loses puck.
17:46 of 3rd period - Colin Wilson is hit by Brian Dumoulin.
18:36 of 3rd period - Mark Letestu is hit by Ryan Kesler and loses puck.
18:41 of 3rd period - Snap shot by Ryan Kesler.
18:41 of 3rd period - Shot Misses the Net.
18:43 of 3rd period - Slapshot by Brian Dumoulin.
18:43 of 3rd period - Deflect By Keith Yandle.
18:43 of 3rd period - Stopped by Sergei Bobrovsky with a rebound.
18:45 of 3rd period - Backhand shot by Justin Schultz.
18:45 of 3rd period - Stopped by Sergei Bobrovsky with a rebound.
18:47 of 3rd period - Slapshot by Brian Dumoulin.
18:47 of 3rd period - Shot Blocked by Robby Fabbri.
18:51 of 3rd period - Snap shot by Artem Anisimov.
18:51 of 3rd period - Shot Misses the Net.
18:53 of 3rd period - Wrist shot by Mathieu Perreault.
18:53 of 3rd period - Stopped by Sergei Bobrovsky without a rebound.
18:54 of 3rd period - Jonathan Toews wins face-off versus Tomas Hertl in Golden Seals zone.
19:33 of 3rd period - Colton Parayko is hit by William Karlsson and loses puck.
Goals for this period are 1 for Kings vs 0 for Golden Seals.
Shots for this period are 7 for Kings vs 6 for Golden Seals.

Overtime #1


0:01 of 1st overtime period - Jonathan Toews wins face-off versus Ryan Kesler in neutral zone.
0:26 of 1st overtime period - Jaden Schwartz is hit by Artem Anisimov.
0:40 of 1st overtime period - Snap shot by Anze Kopitar.
0:40 of 1st overtime period - Goal by Anze Kopitar - Kings : 2 - Golden Seals : 1.
Goals for this period are 1 for Kings vs 0 for Golden Seals.
Shots for this period are 1 for Kings vs 0 for Golden Seals.